 Dungeon Crawl Stone Soup version 0.30-a0-368-g86fb4627a9 (webtiles) character file.

Game seed: 6535965057461367246

38 Sweetruy1997 the Chopper (level 3, 0/33 HPs)
             Began as a Hill Orc Monk on Nov 18, 2022.
             Slain by a worm (8 damage)
             ... on level 3 of the Dungeon.
             The game lasted 00:04:33 (1638 turns).

Sweetruy1997 the Chopper (Hill Orc Monk)            Turns: 1638, Time: 00:04:33

Health: 0/33       AC:  4    Str: 13    XL:     3   Next: 43%
Magic:  3/3        EV: 12    Int: 10    God:
Gold:   38         SH:  0    Dex: 15    Spells: 0/2 levels left

rFire   . . .      SeeInvis .    a - +0 hand axe
rCold   . . .      Faith    .    b - orb {light}
rNeg    . . .      Spirit   .    l - +0 leather armour
rPois   .          Reflect  .    k - +0 helmet
rElec   .          Harm     .    (no cloak)
rCorr   .          Rampage  .    (no gloves)
Will    .....                    (no boots)
Stlth   +.........               (no amulet)
HPRegen 0.25/turn                (no ring)
MPRegen 0.08/turn                (no ring)

@: glowing
A: no striking features
a: no special abilities


You were on level 3 of the Dungeon.
You visited 1 branch of the dungeon, and saw 3 of its levels.

You collected 103 gold pieces.
You spent 65 gold pieces at shops.

Inventory:

Hand Weapons
 a - a +0 hand axe (weapon)
Armour
 b - an orb of light (worn)
 k - a +0 helmet (worn)
 l - a +0 leather armour (worn)
Jewellery
 h - a +6 ring of intelligence
Scrolls
 e - a scroll of poison {unknown}
 f - a scroll of blinking {unknown}
 j - a scroll of silence {unknown}
Potions
 c - a potion of ambrosia
 d - a potion of degeneration {unknown}
 g - a potion of berserk rage {unknown}
 i - a potion of curing
 m - a potion of mutation {unknown}


   Skills:
 - Level 4.0 Fighting
 + Level 4.7 Axes
 + Level 0.4 Armour
 + Level 2.8 Dodging
 + Level 1.8 Stealth


You couldn't memorise any spells.
You knew the following spells:

 Your Spells              Type           Power      Damage    Failure   Level
a - Blink                 Tloc           0%         N/A       58%         2

Your spell library contained the following spells:

 Spells                   Type           Power      Damage    Failure   Level
 Sublimation of Blood     Necr           0%         N/A       58%         2
 Wereblood                Tmut           0%         N/A       58%         2
 Gell's Gravitas          Tloc           0%         N/A       82%         3
 Teleport Other           Tloc           0%         N/A       82%         3
 Manifold Assault         Tloc           0%         N/A       99%         4
 Dispersal                Tloc           0%         N/A       100%        6
 Storm Form               Tmut/Air       0%         N/A       100%        7
 Summon Hydra             Summ           0%         N/A       100%        7


Dungeon Overview and Level Annotations

Branches:
Dungeon (3/15)

Altars:

Shops:
D:2 ?


Message History

You completely miss the worm.
The worm is heavily wounded.
The worm closely misses you.
You hit the worm.
The worm is heavily wounded.
You hit the dart slug. The worm bites you. The dart slug barely misses you.
You hit the worm.
The worm is severely wounded.
You hit the dart slug. You hit the worm.
The worm is almost dead.
You hit the dart slug. The dart slug closely misses you. The worm bites you!
You hit the worm but do no damage.
The worm is almost dead.
You hit the dart slug but do no damage. The dart slug closely misses you.
The worm bites you!
* * * LOW HITPOINT WARNING * * *
You are confused.
You feel invigorated.
The dart slug bites you but does no damage.
You barely miss the worm.
The worm is almost dead.
You hit the dart slug. The worm bites you.
* * * LOW HITPOINT WARNING * * *
The dart slug misses you.
You're too confused to move!
You feel less invigorated.
You feel less confused. The worm bites you!
* * * LOW HITPOINT WARNING * * *
You hit the worm but do no damage.
The worm is severely wounded.
You hit the dart slug. The dart slug launches a dart at you.
The slug dart hits you.
* * * LOW HITPOINT WARNING * * *
You feel better. The worm closely misses you. The dart slug closely misses you.
You hit the worm.
The worm is almost dead.
You hit the dart slug. The worm bites you!
You die...

#.......# #
#.:.#.##.##..
#####...$......
........#......
#.###.†.+ .....
[.....#†# ....
w#≈##.#.######.
~≈≈≈.##w...#
~~≈≈≈≈#@##.....
..~≈≈≈~w.# ###.
..≈≈≈≈≈.##
.~≈≈≈≈~~#
.~≈≈≈~#≈~
?.~~~~≈~~
<.~~~~~~..
..≈≈≈≈~~~.
w~#≈#≈≈~~.#


You could see a worm and a dart slug.

Vanquished Creatures
  2 worms (D:2)
  3 dart slugs
  5 bats
  A giant cockroach (D:1)
  3 goblins
  A hobgoblin (D:1)
  4 ball pythons
  5 frilled lizards
  2 kobolds (D:2)
  4 rats
30 creatures vanquished.

Notes
Turn   | Place    | Note
-------+----------+-------------------------------------------
     0 | D:1      | Sweetruy1997 the Hill Orc Monk began the quest for the Orb.
     0 | D:1      | Reached XP level 1. HP: 19/19 MP: 1/1
   273 | D:1      | Reached XP level 2. HP: 25/27 MP: 2/2
   710 | D:1      | Found a faded altar of an unknown god.
  1007 | D:2      | Reached XP level 3. HP: 25/33 MP: 3/3
  1093 | D:2      | Found Hushrut's Magic Scroll Shop.
  1107 | D:2      | Bought a scroll of identify for 26 gold pieces
  1107 | D:2      | Bought a scroll of identify for 26 gold pieces
  1107 | D:2      | Bought a scroll of noise for 13 gold pieces
  1454 | D:2      | Learned a level 2 spell: Blink
  1636 | D:3      | HP: 1/33 [dart slug/slug dart (3)]
  1638 | D:3      | Slain by a worm

Illustrated notes

Levels and vault maps discovered:
D:1:      dpeg_arrival_water_temple_mockup, layout_loops_ring,
          basic_ecumenical_altar, corexii_corridor_pit,
          nicolae_figureground_pulse
D:2:      layout_basic, serial_shops, nicolae_lakefront_shop
D:3:      kennysheep_slugbush, layout_basic, ebering_ghost_reflecting_pool

Skill      XL: |  1  2  3 |
---------------+----------+-----
Fighting       | 4 |  4.0
Axes           | |  4.7
Armour         | |  0.4
Dodging        | |  2.8
Stealth        | |  1.8

Action                   || total
-------------------------++-------
Melee: Hand axe          ||    95
  Use: Scroll            ||     3
       Potion            ||     2
 Stab: Sleeping          ||     2
Armor: Robe              ||    10
       Ring mail         ||    16
       Leather armour    ||     8
Dodge: Dodged            ||    51

Table legend: (Time is in decaauts)
 A = Elapsed time spent in this place.
 B = Non-inter-level travel time spent in this place.
 C = Inter-level travel time spent in this place.
 D = Time resting spent in this place.
 E = Time spent auto-exploring this place.
 F = Levels seen in this place.
 G = Mean time per level.
                   A        B        C        D        E       F      G
               +--------+--------+--------+--------+--------+-----+--------+
         Total |   1644 |   1497 |    147 |     31 |   1170 |   3 |  548.0 |
       Dungeon |   1644 |   1497 |    147 |     31 |   1170 |   3 |  548.0 |
               +--------+--------+--------+--------+--------+-----+--------+

Top non-repeatable levels by time:
     D:1: 932 daAuts
     D:2: 674 daAuts
     D:3: 38 daAuts
